 Dungeon Sprint DCSS version 0.25.1-9-gc5326a611f (webtiles) character file.

Game seed: 313886305997299387

122 McKennaii the Skirmisher (level 4, 0/40 HPs)
             Began as a Demonspawn Fighter on Dec 30, 2020.
             Slain by a howler monkey (3 damage)
             ... in the Dungeon (Sprint IX: "|||||||||||||||||||||||||||||").
             The game lasted 00:00:56 (136 turns).

McKennaii the Skirmisher (Demonspawn Fighter)        Turns: 136, Time: 00:00:56

Health: 0/40       AC:  7    Str: 18    XL:     4   Next: 78%
Magic:  0/4        EV:  7    Int:  9    God:
Gold:   0          SH:  8    Dex: 12    Spells: 3/3 levels left

rFire    . . .     SeeInvis .   a - +0 trident
rCold    . . .     Gourm    .   c - +0 kite shield
rNeg     . . .     Faith    .   b - +0 scale mail
rPois    .         Spirit   +   (helmet restricted)
rElec    .         Reflect  .   (no cloak)
rCorr    .         Harm     .   (no gloves)
MR       .....     NoTele   +   (no boots)
Stlth    ..........             (no amulet)
HPRegen  0.13/turn              (no ring)
MPRegen  0.09/turn              (no ring)

@: no status effects
A: antennae 1, magic shield
a: no special abilities


You were in the Dungeon.
You were not hungry.

You visited 1 branch

Inventory:

Hand Weapons
 a - a +0 trident (weapon)
Armour
 b - a +0 scale mail (worn)
 c - a +0 kite shield (worn)
Scrolls
 k - a scroll of blinking
Potions
 d - a potion of might
 e - a potion of curing
 g - a potion of heal wounds
 h - a potion of haste
 i - 2 potions of magic
 j - a potion of berserk rage
Comestibles
 f - a ration


   Skills:
 + Level 6.1 Fighting
 * Level 5.3 Polearms
 + Level 5.5 Armour
 + Level 1.2 Dodging
 - Level 2.6 Shields


You had 3 spell levels left.
You didn't know any spells.
Your spell library was empty.

Dungeon Overview and Level Annotations

Branches:
Dungeon (1/1)

Altars:


Innate Abilities, Weirdness & Mutations

You have a pair of small antennae on your head.
When hurt, damage is shared between your health and your magic reserves.


Message History

* * * LOW HITPOINT WARNING * * *
The crimson imp blinks!
You hit the howler monkey but do no damage.
The howler monkey is moderately wounded.
The howler monkey hits you but does no damage.
You closely miss the howler monkey.
The howler monkey is moderately wounded.
The howler monkey hits you but does no damage.
The crimson imp hits you.
* * * LOW HITPOINT WARNING * * *
You block the howler monkey's attack.
You barely miss the howler monkey.
The howler monkey is moderately wounded.
The howler monkey hits you.
* * * LOW HITPOINT WARNING * * *
The crimson imp blinks!
You hit the howler monkey.
The howler monkey is moderately wounded.
The howler monkey hits you.
You die...

▓.▓
▓.▓
▓.▓
▓†▓
▓.▓
▓.▓
▓.▓
▓)▓
▓@▓
▓h▓
▓.▓
▓.▓
▓5▓
▓.▓
▓.▓
▓+▓


You could see a howler monkey and a crimson imp.

Vanquished Creatures
  An ice beast (D)
  An orc wizard (D)
  A dart slug (D)
  A hobgoblin (D)
  A quokka (D)
  A bat (D)
  A frilled lizard (D)
  A rat (D)
8 creatures vanquished.

Notes
Turn   | Place    | Note
-------+----------+-------------------------------------------
     0 | D        | McKennaii the Demonspawn Fighter began the quest for the
                  | Orb.
     0 | D        | Reached XP level 1. HP: 18/18 MP: 1/1
   104 | D        | Noticed an orc wizard
   104 | D        | Noticed an ice beast
   104 | D        | Noticed a howler monkey
   104 | D        | Noticed a crimson imp
   116 | D        | Killed an orc wizard
   116 | D        | Reached skill level 4 in Fighting
   116 | D        | Gained mutation: When hurt, damage is shared between your
                  | health and your magic reserves. [demonic ancestry]
   116 | D        | Reached XP level 2. HP: 20/26 MP: 2/2
   116 | D        | Reached XP level 3. HP: 24/31 MP: 3/3
   131 | D        | Killed an ice beast
   131 | D        | Reached skill level 6 in Fighting
   131 | D        | Reached skill level 5 in Polearms
   131 | D        | Reached skill level 5 in Armour
   131 | D        | Reached skill level 1 in Dodging
   131 | D        | Gained mutation: You have a pair of small antennae on your
                  | head. [demonic ancestry]
   131 | D        | Reached XP level 4. HP: 10/40 MP: 2/4
   136 | D        | Slain by a howler monkey

Illustrated notes

Levels and vault maps discovered:
D:        linesprint [early_d, line_temple, items_1, d_10, items_2, lair_1,
          lair_end, items_3, orc_1, orc_end, items_4, d_15, swamp_1, shoals_1,
          snake_1, spider_1, d_20, vaults_1, items_5, swamp_end, shoals_end,
          snake_end, spider_end, vaults_end, d_27, items_6, zot_1, zot_end,
          crypt_end, forest_end, elf_end, slime_end, tomb_end, abyss_end,
          pan_hell_end]

Skill      XL: |  1  2  3 |
---------------+----------+-----
Polearms       | 3 5 |  5.3
Armour         | 4 5 |  5.5
Fighting       | 4 6 |  6.1
Dodging        | 1 |  1.2
Shields        | |  2.6

Action                   |  1- 3 |  4- 6 || total
-------------------------+-------+-------++-------
Melee: Trident           |    41 |     5 ||    46
Armor: Scale mail        |    17 |     2 ||    19
Dodge: Dodged            |    14 |       ||    14
Block: Kite shield       |    20 |     2 ||    22
